 Dungeon Crawl Stone Soup version 0.16-a0-4127-g24fbb24 (webtiles) character file.

238066 McCoppin the Sniper (level 20, -5/147 HPs)
             Began as a Formicid Hunter on Mar 2, 2015.
             Was the Champion of Okawaru.
             Slain by herpmino's ghost (6 damage)
             ... on level 2 of the Vaults on Mar 3, 2015.
             The game lasted 06:21:02 (50274 turns).

McCoppin the Sniper (Formicid Hunter)              Turns: 50274, Time: 06:21:03

Health: -5/147     AC: 27    Str: 27    XL:     20   Next: 50%
Magic:  0/32       EV:  7    Int: 16    God:    Okawaru [******]
Gold:   2063       SH: 16    Dex: 15    Spells: 0 memorised, 19 levels left

rFire  . . .     SeeInvis +     b - +6 triple crossbow "Zahuodof" {penet, Str+4 Int+2 Stlth+}
rCold  + . .     Clarity  .     N - +1 crystal plate armour
rNeg   . . .     SustAb   .     n - +3 shield "Zidam" {MR+ rCorr Str-4 Dex+4}
rPois  +         Gourm    .     (helmet unavailable)
rElec  +         Spirit   +     Q - +0 cloak {rPois}
rCorr  +         Warding  .     x - -4 pair of gloves of Agoraphobia {Slay+5}
rMut   .         Stasis   +     W - +2 pair of boots "Nilyxilu" {rElec Int+3 Stlth+}
MR     +++..                    t - amulet of guardian spirit
Stlth  ..........               I - ring of Chefam {rPois rC+ MP+9 Str+3 Int-2}
                                P - +4 ring of slaying

@: extremely resistant to hostile enchantments, extremely unstealthy
A: permanent stasis, dig shafts and tunnels, four strong arms, antennae 3
a: Dig, Shaft Self, Heroism, Renounce Religion
}: 1/15 runes: barnacled


You were on level 2 of the Vaults.
You worshipped Okawaru.
Okawaru was exalted by your worship.
You were not hungry.

You visited 7 branches of the dungeon, and saw 38 of its levels.
You also visited: Ice Cave and Volcano.

You collected 4149 gold pieces.
You spent 2086 gold pieces at shops.

Inventory:

Hand weapons
 a - the +6 eveningstar of Hymyp {freeze, rC+ MP-9 Str+2 Dex+4}
   (Okawaru gifted it to you on level 10 of the Dungeon)

   It has been specially enchanted to freeze those struck by it, causing extra
   injury to most foes and up to half again as much damage against particularly
   susceptible opponents.
   It can also slow down cold-blooded creatures.
   It affects your strength (+2).
   It affects your dexterity (+4).
   It protects you from cold.
   It affects your magic capacity (-9).
 b - the +6 triple crossbow "Zahuodof" (weapon) {penet, Str+4 Int+2 Stlth+}
   (Okawaru gifted it to you on level 3 of the Lair of Beasts)

   Ammo fired by it will pass through the targets it hits, potentially hitting
   all targets in its path until it reaches maximum range.
   It affects your strength (+4).
   It affects your intelligence (+2).
   It makes you more stealthy.
 z - a +1 demon trident of freezing
Missiles
 l - 27 poisoned bolts
 m - 2 silver bolts
 y - 176 bolts (quivered)
Armour
 g - a +2 shield of cold resistance
 n - the +3 shield "Zidam" (worn) {MR+ rCorr Str-4 Dex+4}
   (Okawaru gifted it to you on level 4 of the Shoals)

   It affects your strength (-4).
   It affects your dexterity (+4).
   It affects your resistance to hostile enchantments.
   It protects you from acid and corrosion.
 u - a +3 plate armour of cold resistance
 v - a +0 robe
 x - the -4 pair of gloves of Agoraphobia (worn) {Slay+5}
   (Okawaru gifted it to you on level 7 of the Lair of Beasts)

   It affects your accuracy and damage with ranged weapons and melee attacks
   (+5).
 C - the -3 robe "Biumeaq" {-Cast rC+ Str+4}
   (You found it on level 2 of the Vaults)

   It affects your strength (+4).
   It protects you from cold.
   It prevents spellcasting.
 N - a +1 crystal plate armour (worn)
 Q - a +0 cloak of poison resistance (worn)
 W - the +2 pair of boots "Nilyxilu" (worn) {rElec Int+3 Stlth+}
   (Okawaru gifted it to you on level 6 of the Lair of Beasts)

   It affects your intelligence (+3).
   It insulates you from electricity.
   It makes you more stealthy.
Jewellery
 t - an amulet of guardian spirit (around neck)
 I - the ring of Chefam (right hand) {rPois rC+ MP+9 Str+3 Int-2}
   (You bought it in a shop on level 4 of the Orcish Mines)

   [ring of magical power]

   It affects your strength (+3).
   It affects your intelligence (-2).
   It protects you from cold.
   It protects you from poison.
   It affects your magic capacity (+9).
 P - a +4 ring of slaying (left hand)
 U - an uncursed ring of protection from cold
Magical devices
 d - a wand of slowing (31)
 r - a wand of lightning (2)
 A - a wand of enslavement (19)
 F - a wand of disintegration (15)
 H - a wand of heal wounds (0)
 K - a wand of digging (7)
 R - a wand of invisibility (1)
Scrolls
 c - 6 scrolls of recharging
 e - 7 scrolls of identify
 j - a scroll of fog
 k - 2 scrolls of enchant armour
 o - 2 scrolls of fear
 w - 4 scrolls of remove curse
 G - a scroll of holy word
 M - 2 scrolls of magic mapping
 Z - 2 scrolls of acquirement
Potions
 h - 6 potions of restore abilities
 i - 8 potions of flight
 p - 5 potions of magic
 s - a potion of lignification
 B - 3 potions of might
 D - 2 potions of brilliance
 O - 8 potions of curing
Miscellaneous
 q - a phial of floods
 V - a fan of gales
Comestibles
 f - 20 bread rations
 S - 5 fruits


   Skills:
 - Level 10.0 Fighting
 + Level 26.2 Crossbows
 - Level 14.6 Armour
 - Level 1.7 Dodging
 - Level 1.2 Stealth
 - Level 11.7 Shields


You had 19 spell levels left.
You didn't know any spells.

Dungeon Overview and Level Annotations

Branches:
Dungeon (15/15)            Temple (1/1) D:7            Lair (8/8) D:9
 Shoals (5/5) Lair:5        Snake (3/5) Lair:6        Slime (0/6) Lair:6
    Orc (4/4) D:9             Elf (0/3) Orc:3        Vaults (2/5) D:13
 Depths (0/5) D:15
  Crypt: Vaults:2-3

Altars:
Ashenzari
Cheibriados
Dithmenos
Elyvilon
Fedhas
Gozag
Kikubaaqudgha
Makhleb
Nemelex Xobeh
Okawaru
Qazlal
Ru
Sif Muna
Trog
Vehumet
Xom
Yredelemnul
Zin
The Shining One
Beogh

Shops:
D:9 :   D:11 =   Orc:1 !   Orc:4 (*=*   Vaults:1 **

Annotations:
D:12 3 runed doors
Shoals:5 Frances
Snake:3 Mara
Vaults:2 herpmino's ghost, mighty FoFi


Innate Abilities, Weirdness & Mutations

You are under a permanent stasis effect.
You can dig through walls and to a lower floor.
Your four strong arms can wield two-handed weapons with a shield.
You have a pair of large antennae on your head (SInv).


Message History

You continue putting on your +1 crystal plate armour.
Herpmino's ghost hits you!!
* * * LOW HITPOINT WARNING * * *
x2 You finish putting on your +1 crystal plate armour.
Drink which item? (? for menu, Esc to quit)
Okay, then.
Evoke which item? (* to show all) (? for menu, Esc to quit)
Okay, then.
There is an open door here.
Wield which item (- for none, * to show all)? (? for menu, Esc to quit)
Okay, then.
Wear which item? (? for menu, Esc to quit)
Okay, then.
Remove which piece of jewellery? (? for menu, Esc to quit)
Okay, then.
Read which item? (? for menu, Esc to quit)
As you read the scroll of summoning, it crumbles to dust.
Wisps of shadow whirl around you... Herpmino's ghost hits you!
* * * LOW HITPOINT WARNING * * *
You die...

#### ##++#
#..###.o.#
#.p+o'o..# #p#W#...#
### #O@.##'# #..
#W##o'.##########..
#...###'##.......#..
#...'.'..'.#####.#..
#...###..#.#≈§§#.'..
#'### ####.#≈§§#.#..
...# #.#####.#..
#..# #.......#..
'..# #########).


You could see herpmino's ghost, a friendly ironheart preserver, a friendly vault
warden, a friendly orc knight, a friendly freezing wraith, a friendly two-headed
ogre, 2 friendly orc warriors and a friendly orc.

Vanquished Creatures
  Norris (D:13)
  Vashnia (Snake:2)
  Asterion (Vaults:1)
  2 krakens (Shoals:1)
  Polyphemus (Shoals:4)
  The ghost of Zooty the Sniper, a mighty KoHu of Zin (Vaults:2)
  Rupert (D:13)
  Agnes (Vaults:1)
  Kirke (Shoals:1)
  Ilsuiw (Shoals:5)
  Donald (Orc:4)
  A frost giant (IceCv)
  2 orc warlords
  Aizul (Shoals:5)
  Louise (Shoals:4)
  2 vault wardens (Vaults:1)
  Jorgrun (Vaults:1)
  5 ironheart preservers
  A spriggan defender (Vaults:1)
  A deep elf annihilator (Vaults:1)
  A dire elephant (Lair:8)
  An ettin (D:15)
  Snorg (Orc:1)
  6 merfolk javelineers
  4 vault guards (Vaults:1)
  Josephine (D:10)
  2 yaktaur captains (Vaults:1)
  A great orb of eyes (Vaults:2)
  6 merfolk impalers (Shoals:5)
  Fannar (D:13)
  7 hydras
  Harold (Orc:4)
  An ice dragon (Vaults:1)
  2 naga warriors (Snake:2)
  3 merfolk aquamancers (Shoals:5)
  Erica (Lair:8)
  3 merfolk avatars
  An alligator snapping turtle (Shoals:5)
  An anaconda (Snake:1)
  3 tengu warriors
  26 death yaks
  2 shock serpents (Snake:1)
  6 centaur warriors
  A deep troll shaman (Lair:8)
  7 ogre magi
  2 satyrs (Shoals:4)
  3 orc high priests (Orc:4)
  Urug (Orc:2)
  A catoblepas (Lair:8)
  4 naga sharpshooters (Snake:2)
  A sun demon (D:14)
  Nergalle (D:15)
  A shadow wraith (Vaults:1)
  An ice devil (D:14)
  3 deep elf knights
  3 hell knights (Vaults:1)
  7 sea snakes
  Maurice (D:9)
  A deep elf summoner (Vaults:1)
  2 unseen horrors
  2 flayed ghosts
  An ice statue (IceCv)
  An obsidian statue (D:12)
  A small abomination (Vaults:1)
  11 orc knights
  Pikel (D:8)
  8 hill giants
  5 ironbrand convokers (Vaults:1)
  A necromancer (Vaults:2)
  A mana viper (Snake:1)
  A giant orange brain (Vaults:2)
  32 harpies
  A wolf spider (D:12)
  9 ugly things (Vaults:1)
  A wizard (D:14)
  10 manticores
  A deep elf conjurer (Vaults:1)
  A hornet (shapeshifter) (Vaults:1)
  12 cyclopes
  4 fauns
  3 salamanders
  7 griffons
  6 orc sorcerers
  5 water nymphs
  3 elephants (Lair:8)
  9 sirens
  2 centaur zombies
  An octopode (shapeshifter) (D:15)
  2 vault sentinels
  A deep dwarf zombie (Vaults:1)
  10 spiny frogs
  An orange crystal statue (D:13)
  3 naga magi (Snake:2)
  A torpor snail (Lair:5)
  2 gargoyles
  The ghost of McCoppin the Quickloader, an experienced FoHu of Okawaru (D:5)
  2 efreet (D:15)
  12 black mambas
  2 elves (shapeshifter) (Vaults:1)
  9 yaktaurs
  A queen bee (shapeshifter) (Vaults:1)
  11 two-headed ogres
  3 komodo dragons
  7 freezing wraiths
  2 fire drakes
  A fire vortex (D:11)
  37 merfolk
  4 tengu conjurers
  2 deep elf priests (Vaults:1)
  Sonja (Orc:2)
  4 wind drakes
  A boulder beetle (Vaults:1)
  21 polar bears (IceCv)
  9 trolls
  A raiju (shapeshifter) (Vaults:2)
  7 ravens
  2 blink frogs (shapeshifter)
  4 basilisks
  18 blink frogs
  15 slime creatures
  A vampire (D:13)
  A spriggan (shapeshifter) (Vaults:1)
  3 fire bats
  A human (shapeshifter) (Vaults:1)
  10 wraiths
  5 water elementals
  4 hungry ghosts
  11 snapping turtles
  11 hippogriffs
  A golden eye (shapeshifter) (Vaults:1)
  16 humans
  4 wyverns
  A deep elf fighter (Vaults:1)
  2 hogs (Shoals:2)
  A deep elf mage (D:15)
  12 nagas
  5 wargs
  51 yaks
  2 mottled dragons (D:15)
  12 vampire mosquitoes
  34 wolves
  A hell hound (D:11)
  2 slaves (D:8)
  A wasp (D:15)
  14 water moccasins
  6 black bears
  11 porcupines
  37 ogres
  A phantom (D:4)
  2 necrophages (D:10)
  4 eyes of draining
  7 sky beasts
  13 centaurs
  44 orc warriors
  3 ice beasts
  2 boring beetles
  An orc zombie (Orc:4)
  15 crocodiles
  Sigmund (D:7)
  Duvessa (D:8)
  2 big kobolds
  A cyclops zombie (Vaults:1)
  14 giant frogs
  2 wyvern skeletons (D:12)
  5 scorpions
  7 killer bees
  3 wights (D:12)
  12 crimson imps
  An electric eel (Lair:5)
  2 giant frog zombies
  44 orc priests
  Dowan (D:8)
  A goliath beetle (D:6)
  A two-headed ogre zombie (Vaults:1)
  6 hounds
  7 jellies
  5 giant frog skeletons
  A gnoll shaman (D:8)
  4 centaur skeletons
  9 worker ants
  37 orc wizards
  4 iguanas
  2 ogre zombies (Vaults:1)
  29 sheep
  A hound skeleton (D:4)
  A hound zombie (D:10)
  2 worker ant zombies
  Robin (D:3)
  6 gnolls (D:8)
  40 river rats
  27 adders
  3 giant mites
  4 white imps (D:14)
  A worm (D:3)
  A shadow imp (D:6)
  3 adder skeletons
  6 giant geckos
  5 oozes
  293 orcs
  35 bats
  5 giant cockroaches
  22 hobgoblins
  27 jackals
  18 kobolds
  A giant cockroach zombie (D:5)
  2 giant gecko skeletons (D:7)
  7 giant newts
  33 goblins
  8 quokkas
  A quokka skeleton (D:5)
  10 rats
  6 ballistomycetes (D:12)
  A crawling corpse (Vaults:1)
  7 fungi
  8 plants
  2 tentacles (Shoals:1)
1626 creatures vanquished.

Vanquished Creatures (collateral kills)
  A merfolk impaler (Shoals:4)
1 creature vanquished.

Vanquished Creatures (others)
  A spiny frog (Lair:6)
  A merfolk (Shoals:4)
  An air elemental (D:13)
  A human (Shoals:2)
  2 slaves (D:9)
  3 adders
  An orc (Vaults:2)
  A hobgoblin (D:9)
  A jackal (D:9)
  2 giant spores (D:12)
  6 fungi
  A plant (Lair:8)
  13 tentacles (Shoals:1)
  434 tentacle segments (Shoals:1)
468 creatures vanquished.

Grand Total: 2095 creatures vanquished

Notes
Turn   | Place    | Note
--------------------------------------------------------------
     0 | D:1      | McCoppin, the Formicid Hunter, began the quest for the Orb.
     0 | D:1      | Reached XP level 1. HP: 16/16 MP: 1/1
   320 | D:1      | Reached XP level 2. HP: 16/22 MP: 3/3
   770 | D:1      | Reached XP level 3. HP: 17/27 MP: 4/4
  1320 | D:2      | Reached skill level 5 in Crossbows
  1623 | D:2      | Reached XP level 4. HP: 29/33 MP: 5/5
  2368 | D:3      | Reached XP level 5. HP: 38/38 MP: 7/7
  2416 | D:3      | Found a stormy altar of Qazlal.
  2430 | D:3      | Reached skill level 6 in Crossbows
  3057 | D:3      | Noticed Robin
  3079 | D:3      | Killed Robin
  3863 | D:4      | Reached XP level 6. HP: 37/44 MP: 6/8
  3875 | D:4      | Reached skill level 7 in Crossbows
  3992 | D:4      | Noticed a phantom
  4006 | D:4      | Killed a phantom
  4126 | D:5      | Entered Level 5 of the Dungeon
  4126 | D:5      | Found a shattered altar of Ashenzari.
  4138 | D:5      | Gained mutation: You are partially covered in slimy green scales (AC +2). [potion of beneficial mutation]
  4270 | D:5      | Reached XP level 7. HP: 50/50 MP: 9/9
  4307 | D:5      | Reached skill level 8 in Crossbows
  4715 | D:5      | Got a smoking whip
  4719 | D:4      | Identified the +9 whip of Subterfuge {drain, rC+} (You found it on level 5 of the Dungeon)
  4961 | D:5      | Found a shattered altar of Ashenzari.
  4962 | D:5      | Found a radiant altar of Vehumet.
  5082 | D:5      | Reached skill level 9 in Crossbows
  5192 | D:5      | Noticed McCoppin's ghost (experienced FoHu)
  5234 | D:5      | Killed McCoppin's ghost
  5234 | D:5      | Reached XP level 8. HP: 19/56 MP: 11/11
  5486 | D:5      | Reached skill level 10 in Crossbows
  5529 | D:5      | Found a bloodstained altar of Trog.
  6137 | D:6      | Reached skill level 5 in Fighting
  6176 | D:6      | Reached XP level 9. HP: 65/69 MP: 12/12
  7208 | D:7      | Found a snail-covered altar of Cheibriados.
  7351 | D:8      | Noticed Dowan
  7352 | D:8      | Lost mutation: You are partially covered in slimy green scales (AC +2). [potion of cure mutation]
  7365 | D:8      | Killed Dowan
  7930 | D:8      | Found a glowing golden altar of the Shining One.
  8284 | D:8      | Noticed Duvessa
  8289 | D:8      | Killed Duvessa
  8299 | D:8      | Reached skill level 10 in Fighting
  8456 | D:8      | Reached skill level 1 in Armour
  8493 | D:8      | Reached XP level 10. HP: 85/85 MP: 13/13
  8776 | D:7      | Noticed Sigmund
  8784 | D:7      | Killed Sigmund
  8793 | D:7      | Found a staircase to the Ecumenical Temple.
  8886 | D:7      | Reached skill level 5 in Armour
  8913 | Temple   | Entered the Ecumenical Temple
  9172 | Temple   | Became a worshipper of Warmaster Okawaru
  9510 | D:7      | Got a translucent greatsling
  9511 | D:7      | Identified the +5 greatsling of Intuition {velocity, +Blink rF+ MR-} (You took it off a crimson imp on level 7 of the Dungeon)
  9994 | D:9      | Noticed Pikel
 10024 | D:8      | Killed Pikel
 10024 | D:8      | Acquired Okawaru's first power
 10066 | D:9      | Found a staircase to the Orcish Mines.
 10430 | D:9      | Reached XP level 11. HP: 46/90 MP: 15/15
 10667 | D:9      | Noticed Maurice
 10689 | D:9      | Killed Maurice
 10689 | D:9      | Reached skill level 10 in Armour
 11209 | D:9      | Found an ancient bone altar of Kikubaaqudgha.
 11267 | D:9      | Found a staircase to the Lair.
 11388 | D:9      | Found Clo Xiff's Book Shop.
 11404 | D:9      | Reached skill level 11 in Armour
 11523 | D:10     | Entered Level 10 of the Dungeon
 11529 | D:10     | Noticed Josephine
 11964 | D:8      | Found a radiant altar of Vehumet.
 12009 | D:8      | Found an ancient bone altar of Kikubaaqudgha.
 12020 | D:8      | Found a runed door.
 12155 | D:8      | Found a burning altar of Makhleb.
 12179 | D:8      | Reached skill level 12 in Armour
 12204 | D:8      | Found a deep blue altar of Sif Muna.
 12214 | D:8      | Found a bloodstained altar of Trog.
 12235 | D:8      | Found a bloodstained altar of Trog.
 12262 | D:8      | Noticed a flayed ghost
 12281 | D:8      | Killed a flayed ghost
 12598 | D:10     | Noticed an unseen horror
 12614 | D:10     | Killed an unseen horror
 12753 | D:10     | Reached skill level 13 in Armour
 12763 | D:10     | You fall through a shaft for 3 floors!
 12882 | D:13     | Noticed Fannar
 12902 | D:13     | Killed Fannar
 13532 | D:13     | Reached XP level 12. HP: 97/97 MP: 0/16
 13546 | D:13     | Noticed a cyclops
 13593 | D:13     | Noticed a wolf spider
 13618 | D:12     | Killed a wolf spider
 13622 | D:12     | Reached skill level 14 in Armour
 14328 | D:11     | Found Ennunwi's Jewellery Emporium.
 14427 | D:10     | Killed Josephine
 14427 | D:10     | Acquired Okawaru's second power
 14844 | D:10     | Reached skill level 1 in Shields
 15005 | D:10     | Noticed a tengu warrior
 15025 | D:10     | Killed a tengu warrior
 15025 | D:10     | Received a gift from Okawaru
 15025 | D:10     | Reached skill level 5 in Shields
 15027 | D:10     | Got a jewelled eveningstar {god gift}
 15028 | D:10     | Identified the +6 eveningstar of Hymyp {freeze, rC+ MP-9 Str+2 Dex+4} (Okawaru gifted it to you on level 10 of the Dungeon)
 15236 | Lair:1   | Entered Level 1 of the Lair of Beasts
 15361 | Lair:1   | Identified a scroll of acquirement
 15375 | Lair:1   | Got a crystal rapier
 15376 | Lair:1   | Identified the +5 rapier of Defence by Offence {pierce, +Inv rF+ Str+3} (You found it on level 1 of the Lair of Beasts)
 15538 | Lair:1   | Found a dark tunnel.
 15554 | Volcano  | Entered a volcano
 15559 | Volcano  | Noticed a salamander mystic
 16204 | Lair:2   | Noticed a four-headed hydra
 16206 | Lair:2   | Killed a four-headed hydra
 16307 | Lair:2   | Received a gift from Okawaru
 16728 | Lair:2   | Reached XP level 13. HP: 103/103 MP: 17/17
 16742 | Lair:2   | Noticed a four-headed hydra
 16745 | Lair:2   | Killed a four-headed hydra
 16760 | Lair:2   | Reached skill level 10 in Shields
 16860 | Lair:2   | Received a gift from Okawaru
 17714 | Lair:3   | Received a gift from Okawaru
 17715 | Lair:3   | Got a bloodstained triple crossbow {god gift}
 17716 | Lair:3   | Identified the +6 triple crossbow "Zahuodof" {penet, Str+4 Int+2 Stlth+} (Okawaru gifted it to you on level 3 of the Lair of Beasts)
 19376 | Lair:5   | You fall through a shaft for 2 floors!
 19406 | Lair:7   | Received a gift from Okawaru
 19407 | Lair:7   | Got a pair of bloodstained gloves {god gift}
 19418 | Lair:7   | Identified the -4 pair of gloves of Agoraphobia {Slay+5} (Okawaru gifted it to you on level 7 of the Lair of Beasts)
 19692 | Lair:7   | Reached XP level 14. HP: 110/110 MP: 18/18
 20428 | Lair:6   | Found a staircase to the Snake Pit.
 20856 | Lair:6   | Received a gift from Okawaru
 20858 | Lair:6   | Got a pair of brightly glowing boots {god gift}
 20869 | Lair:6   | Identified the +2 pair of boots "Nilyxilu" {rElec Int+3 Stlth+} (Okawaru gifted it to you on level 6 of the Lair of Beasts)
 20887 | Lair:6   | Found a staircase to the Slime Pits.
 21384 | Lair:5   | Found a staircase to the Shoals.
 21736 | Lair:8   | Entered Level 8 of the Lair of Beasts
 22142 | Lair:8   | Noticed Erica
 22196 | Lair:8   | Reached skill level 15 in Crossbows
 22489 | Lair:8   | Killed Erica
 23040 | Lair:8   | Reached XP level 15. HP: 98/115 MP: 16/19
 23067 | Lair:8   | Reached skill level 16 in Crossbows
 23082 | Lair:8   | Received a gift from Okawaru
 23884 | Orc:1    | Entered Level 1 of the Orcish Mines
 24425 | Orc:1    | Found a bloodstained altar of Trog.
 24484 | Orc:1    | Received a gift from Okawaru
 24654 | Orc:2    | Noticed an orc warlord
 24663 | Orc:2    | Killed an orc warlord
 24724 | Orc:2    | Noticed Sonja
 24726 | Orc:2    | Killed Sonja
 24879 | Orc:2    | Noticed Snorg
 24909 | Orc:1    | Killed Snorg
 25106 | Orc:1    | Found Kausaloa's Distillery.
 25115 | Orc:1    | Bought a potion of curing for 42 gold pieces
 25115 | Orc:1    | Bought a potion of heal wounds for 70 gold pieces
 25311 | Orc:2    | Noticed Urug
 25325 | Orc:2    | Killed Urug
 25998 | Orc:3    | Found a staircase to the Elven Halls.
 26464 | Orc:3    | Reached skill level 17 in Crossbows
 26979 | Orc:4    | Entered Level 4 of the Orcish Mines
 26996 | Orc:4    | Noticed Harold
 26999 | Orc:4    | Killed Harold
 27226 | Orc:4    | Noticed Donald
 27239 | Orc:4    | Killed Donald
 27619 | Orc:4    | Noticed an orc warlord
 27920 | Orc:4    | Killed an orc warlord
 28642 | Orc:4    | Received a gift from Okawaru
 28898 | Orc:4    | Found Shye's Weapon Shoppe.
 29195 | Orc:4    | Reached skill level 18 in Crossbows
 29554 | Orc:4    | Found Ivem's Assorted Antiques.
 29562 | Orc:4    | Found Ifarchof's Jewellery Boutique.
 29570 | Orc:4    | Found Cemp's General Store.
 29625 | Orc:4    | Bought a potion of heal wounds for 165 gold pieces
 29625 | Orc:4    | Bought a dented peridot amulet for 165 gold pieces
 29625 | Orc:4    | Bought a scroll labeled CRASAP IM KHUS for 33 gold pieces
 29631 | Orc:4    | Bought the ring of Chefam {rPois rC+ MP+9 Str+3 Int-2} for 443 gold pieces
 29633 | Orc:4    | Bought an uncursed amulet of clarity for 220 gold pieces
 29633 | Orc:4    | Bought a +4 ring of slaying for 858 gold pieces
 29643 | Orc:4    | Bought a scroll of enchant armour for 90 gold pieces
 31358 | D:11     | Found a roughly hewn altar of Beogh.
 31662 | D:11     | You fall through a shaft for 3 floors!
 32029 | D:14     | Reached XP level 16. HP: 117/122 MP: 20/20
 32078 | D:14     | Found a frozen archway.
 32094 | IceCv    | Entered an ice cave
 32424 | IceCv    | Identified Sif Muna's Compendium of Assistive Calling
 32556 | IceCv    | Reached skill level 19 in Crossbows
 33159 | IceCv    | Received a gift from Okawaru
 33184 | IceCv    | Got a steaming great sword
 33220 | D:14     | Identified the cursed -1 great sword "Efol" {slice, +Rage} (You found it in an ice cave)
 33283 | D:14     | Received a gift from Okawaru
 34050 | D:15     | Entered Level 15 of the Dungeon
 34055 | D:15     | Noticed Nergalle
 34057 | D:15     | Killed Nergalle
 34098 | D:15     | Got a steaming mace
 34106 | D:15     | Identified the +10 mace "Ipud" {drain, MP+9} (You found it on level 15 of the Dungeon)
 34546 | D:15     | Found a staircase to the Depths.
 34626 | D:15     | Reached skill level 20 in Crossbows
 35107 | D:14     | Upgraded the game from 0.16-a0-4115-ga5ed934 to 0.16-a0-4127-g24fbb24
 35195 | D:13     | Killed a cyclops
 35229 | D:13     | Noticed Rupert
 35470 | D:13     | Killed Rupert
 35483 | D:13     | Found a gate to the Vaults.
 35488 | D:13     | Noticed Norris
 35544 | D:13     | Noticed an orc knight
 35595 | D:13     | Killed Norris
 35595 | D:13     | Received a gift from Okawaru
 35913 | D:13     | Reached XP level 17. HP: 128/128 MP: 21/21
 36205 | D:13     | Killed an orc knight
 36489 | D:13     | Noticed a hill giant
 36492 | D:13     | Killed a hill giant
 36820 | D:12     | Received a gift from Okawaru
 36821 | D:12     | Got a crystal triple crossbow {god gift}
 36822 | D:12     | Identified the +4 triple crossbow of the Turnip {venom, rElec rPois rC+} (Okawaru gifted it to you on level 12 of the Dungeon)
 36858 | D:12     | Found a runed door.
 36869 | D:12     | Found a runed door.
 36929 | D:12     | Found a runed door.
 37022 | D:12     | Found a runed door.
 37704 | D:12     | Reached skill level 21 in Crossbows
 38120 | Snake:1  | Entered Level 1 of the Snake Pit
 38255 | Snake:1  | Got a vibrating pewter ring
 38256 | Snake:1  | Identified the ring of Xicaomeo {Fire +Blink Int+2 Dex+2 Stlth-} (You found it on level 1 of the Snake Pit)
 38897 | Snake:2  | Noticed Vashnia
 39369 | Snake:2  | Killed Vashnia
 39369 | Snake:2  | Received a gift from Okawaru
 40237 | Snake:3  | Noticed Mara
 40249 | Snake:3  | Noticed McCoppin's illusion
 40350 | Shoals:1 | Entered Level 1 of the Shoals
 40528 | Shoals:1 | Got a coiled ivory ring
 40530 | Shoals:1 | Identified the ring of Vebbiud {MP+9 SInv} (You found it on level 1 of the Shoals)
 40684 | Shoals:1 | Reached skill level 22 in Crossbows
 41415 | Shoals:2 | Noticed Kirke
 41435 | Shoals:1 | Killed Kirke
 41659 | Shoals:2 | Got a pair of crude gloves
 41660 | Shoals:2 | Identified the +1 pair of gloves of Kikubaaqudgha {Str+4} (You found it on level 2 of the Shoals)
 41731 | Shoals:2 | Reached XP level 18. HP: 134/134 MP: 21/21
 42600 | Shoals:3 | Received a gift from Okawaru
 42864 | Shoals:3 | Received a gift from Okawaru
 43463 | Shoals:4 | Reached skill level 23 in Crossbows
 43656 | Shoals:4 | Received a gift from Okawaru
 43657 | Shoals:4 | Got a fine shield {god gift}
 43668 | Shoals:4 | Identified the +3 shield "Zidam" {MR+ rCorr Str-4 Dex+4} (Okawaru gifted it to you on level 4 of the Shoals)
 43697 | Shoals:4 | Noticed Louise
 43711 | Shoals:4 | Killed Louise
 44411 | Shoals:5 | Entered Level 5 of the Shoals
 44429 | Shoals:5 | Got a fine granite ring
 44437 | Shoals:4 | Identified the ring "Duamep" {EV+2 Int+3} (You found it on level 5 of the Shoals)
 44518 | Shoals:5 | Got a barnacled rune of Zot
 44800 | Shoals:5 | Got a vibrating golden ring
 44807 | Shoals:5 | Identified the ring "Kacliso" {MR+ SInv} (You found it on level 5 of the Shoals)
 44869 | Shoals:5 | Noticed Ilsuiw
 45006 | Shoals:5 | Noticed Aizul
 45021 | Shoals:5 | Killed Aizul
 45168 | Shoals:5 | Killed Ilsuiw
 45168 | Shoals:5 | Reached skill level 24 in Crossbows
 45168 | Shoals:5 | Reached XP level 19. HP: 118/140 MP: 22/22
 45536 | Shoals:5 | Noticed Polyphemus
 45615 | Shoals:5 | Noticed Frances
 45646 | Shoals:4 | Killed Polyphemus
 45964 | Shoals:4 | Received a gift from Okawaru
 46929 | Vaults:1 | Entered Level 1 of the Vaults
 47090 | Vaults:1 | Noticed Asterion
 47137 | Vaults:1 | Killed Asterion
 47761 | Vaults:1 | Received a gift from Okawaru
 47824 | Vaults:1 | Received a gift from Okawaru
 47847 | Vaults:1 | Noticed Jorgrun
 47853 | Vaults:1 | Killed Jorgrun
 47853 | Vaults:1 | Reached skill level 25 in Crossbows
 48132 | Vaults:1 | Noticed Agnes
 48135 | Vaults:1 | Killed Agnes
 48285 | Vaults:1 | Found Thoib's General Store.
 48321 | Vaults:1 | Found Klos Wots' Assorted Antiques.
 48369 | Vaults:1 | Reached XP level 20. HP: 147/147 MP: 23/23
 49373 | Vaults:2 | Noticed herpmino's ghost (mighty FoFi)
 49375 | Vaults:1 | Reached skill level 26 in Crossbows
 49818 | Vaults:2 | Received a gift from Okawaru
 50064 | Vaults:2 | Noticed Zooty's ghost (mighty KoHu)
 50100 | Vaults:2 | Killed Zooty's ghost
 50102 | Vaults:2 | Got a silken robe
 50113 | Vaults:2 | Identified the cursed -3 robe "Biumeaq" {-Cast rC+ Str+4} (You found it on level 2 of the Vaults)
 50274 | Vaults:2 | HP: 1/147 [herpmino's ghost (13)]
 50274 | Vaults:2 | Slain by herpmino's ghost

Action                   |  1- 3 |  4- 6 |  7- 9 | 10-12 | 13-15 | 16-18 | 19-21 || total
-------------------------+-------+-------+-------+-------+-------+-------+-------++-------
Melee: Short sword       |    57 |     2 |       |       |       |       |       ||    59
       Whip              |    35 |    36 |   122 |   618 |       |       |       ||   811
       Eveningstar       |       |       |       |     7 |   277 |   393 |   329 ||  1006
 Fire: Hand crossbow     |    19 |   184 |   196 |   224 |       |       |       ||   623
       Arbalest          |       |       |       |    92 |    81 |       |       ||   173
       Triple crossbow   |       |       |       |       |   676 |   741 |   301 ||  1718
Invok: Heroism           |       |       |       |     7 |     3 |     8 |     9 ||    27
 Abil: Dig               |       |       |       |       |    31 |    21 |     3 ||    55
Evoke: Fan of gales      |       |       |       |     1 |       |       |     1 ||     2
       Phantom mirror    |       |       |       |     1 |       |       |       ||     1
       Wand              |       |       |       |       |       |       |     8 ||     8
  Use: Scroll            |     4 |     5 |       |    12 |     9 |    14 |     6 ||    50
       Potion            |       |     8 |     3 |     2 |     4 |     3 |     8 ||    28
 Stab: Sleeping          |       |       |       |       |     8 |     7 |       ||    15
       Distracted        |       |       |       |       |     1 |     1 |       ||     2
       Invisible         |       |       |       |       |       |       |     6 ||     6
  Eat: Bread ration      |     1 |       |     1 |     2 |     2 |       |       ||     6
       Meat ration       |       |     1 |     1 |       |     7 |     6 |     1 ||    16
       Chunk             |       |     1 |       |    10 |       |     1 |       ||    12
       Fruit             |       |     1 |       |     1 |    15 |    23 |     7 ||    47
       Beef jerky        |       |       |     1 |     3 |     1 |     3 |       ||     8
       Royal jelly       |       |       |     1 |     1 |     1 |       |       ||     3
       Pizza             |       |       |       |       |       |     1 |       ||     1
